 Dungeon Crawl Stone Soup version 0.22.1-1-ga44c0e5 (webtiles) character file.

4 MalarOregon the Slasher (level 1, 0/20 HPs)
             Began as a Minotaur Berserker on Sept 24, 2018.
             Was a Follower of Trog.
             Slain by a gnoll
             ... wielding a +0 spear
              (2 damage)
             ... on level 1 of the Dungeon.
             The game lasted 00:00:37 (192 turns).

MalarOregon the Slasher (Minotaur Berserker)         Turns: 192, Time: 00:00:38

Health: 0/20       AC:  3    Str: 21    XL:     1   Next: 58%
Magic:  0/0        EV: 12    Int:  4    God:    Trog [*.....]
Gold:   12         SH:  0    Dex:  9    Spells: 0/0 levels left

rFire    . . .     SeeInvis .   a - +0 falchion
rCold    . . .     Gourm    .   (no shield)
rNeg     . . .     Faith    .   f - +0 leather armour
rPois    .         Spirit   .   (helmet restricted)
rElec    .         Reflect  .   (no cloak)
rCorr    .         Harm     .   (no gloves)
MR       .....                  (no boots)
Stlth    +.........             (no amulet)
HPRegen  0.06/turn              (no ring)
MPRegen  0.07/turn              (no ring)

@: very slow
A: retaliatory headbutt, horns 2
a: Berserk, Renounce Religion


You were on level 1 of the Dungeon.
You worshipped Trog.
Trog was aware of your devotion.
You were not hungry.

You visited 1 branch of the dungeon, and saw 1 of its levels.

You collected 12 gold pieces.

Inventory:

Hand Weapons
 a - a +0 falchion (weapon)
Armour
 f - a +0 leather armour (worn)
   (You found it on level 1 of the Dungeon)
Potions
 c - a potion of heal wounds {unknown}
Comestibles
 d - 5 chunks of flesh
 e - a ration {!d}


   Skills:
 * Level 3.7 Fighting
 * Level 3.7 Long Blades
 + Level 0.1 Throwing
 * Level 2.5 Armour
 * Level 2.3 Dodging


You couldn't memorise any spells.
You didn't know any spells.
Your spell library was empty.

Dungeon Overview and Level Annotations

Branches:
Dungeon (1/15)

Altars:


Innate Abilities, Weirdness & Mutations

You reflexively headbutt those who attack you in melee.
You have a pair of horns on your head.


Message History

A bat is nearby!
The bat hits you but does no damage.
You hit the bat.
You kill the bat!
Trog accepts your kill.
No target in view!
No target in view!
No target in view!
No target in view!
No target in view!
No target in view!
No target in view!
No target in view!
No target in view!
You see here a leather armour.
Firing (i - inventory) No suitable missiles.
Okay, then.
f - a leather armour Wear which item? (? for menu, Esc to quit)
You start removing your armour.
You continue taking off your +0 animal skin. x4
You finish taking off your +0 animal skin.
You start putting on your armour.
You continue putting on your leather armour. x5
You finish putting on your +0 leather armour.
Drop what? 6/52 slots (_ for help) (? for menu, Esc to quit)
You drop a +0 animal skin.
Found 12 sling bullets.
You enter the shallow water.
Moving in this stuff is going to be slow.
A gnoll comes into view. It is wielding a spear.
The gnoll shouts!
A hobgoblin comes into view.
A hobgoblin comes into view.
Found an escape hatch in the floor.
You enter the shallow water.
Moving in this stuff is going to be slow.
The gnoll hits you with a spear. The hobgoblin barely misses you.
You furiously retaliate!
You headbutt the hobgoblin. The gnoll hits you with a spear.
The hobgoblin splashes around in the water.
You hit the hobgoblin. The gnoll hits you with a spear!
Ouch! That really hurt!
* * * LOW HITPOINT WARNING * * *
Unknown command.
The gnoll barely misses you.
You enter the shallow water.
Moving in this stuff is going to be slow.
The gnoll hits you from afar with a spear.
You die...

.. ...... .# #.....######
.# #..........# #
.########..........# .####
...................###.....
..................(......>.
...............♣♣.g........
...............≈@gg........
..............≈♣P..≈≈......
.............≈♣P≈..≈P♣.....
......[..###♣P≈≈...P≈P≈♣≈#.
.........# ♣≈≈≈....≈≈≈PP♣
..#########♣♣≈≈≈....≈≈≈≈≈P.
####### #..♣♣≈P≈≈..≈≈≈≈P≈♣.
#.....# #..♣♣♣≈≈..≈≈≈≈≈≈♣♣
#.###'###..♣♣≈≈...≈P≈≈≈P≈♣


You could see a gnoll and 2 hobgoblins.

Vanquished Creatures
  A bat (D:1)
  2 ball pythons (D:1)
  A kobold (D:1)
  2 rats (D:1)
6 creatures vanquished.

Notes
Turn   | Place    | Note
-------+----------+-------------------------------------------
     0 | D:1      | MalarOregon the Minotaur Berserker began the quest for the
                  | Orb.
     0 | D:1      | Reached XP level 1. HP: 19/19 MP: 0/0
   192 | D:1      | Slain by a gnoll

Action                   || total
-------------------------++-------
Melee: Falchion          ||    14
       Headbutt          ||     1
Armor: Animal skin       ||     4
Dodge: Dodged            ||    10
       Rpst.: Falchion   ||     1
